 Dungeon Crawl Stone Soup version 0.18-a0-425-ge088ad1 (webtiles) character file.

7586 4thArraOfDagon the Carver (level 11, -10/74 HPs)
             Began as a Halfling Gladiator on Nov 30, 2015.
             Was a Priest of the Shining One.
             Mangled by a tengu warrior
             ... wielding a +0 long sword
              (11 damage)
             ... on level 11 of the Dungeon.
             The game lasted 00:30:39 (5416 turns).

4thArraOfDagon the Carver (Halfling Gladiator)      Turns: 5416, Time: 00:30:39

Health: -10/74     AC: 12    Str: 22    XL:     11   Next: 40%
Magic:  15/15      EV: 18    Int: 10    God:    the Shining One [***...]
Gold:   485        SH:  8    Dex: 16    Spells: 0 memorised, 10 levels left

rFire  . . .     SeeInvis .     y - +2 long sword (freeze)
rCold  . . .     Clarity  .     n - +0 scale mail
rNeg   + + .     SustAt   .     (shield restricted)
rPois  .         Gourm    .     c - +0 helmet
rElec  .         Spirit   .     s - +1 cloak
rCorr  .         Dsmss    .     (no gloves)
rMut   .         Stasis   .     (no boots)
MR     +....                    (no amulet)
Stlth  ..........               g - +1 ring of protection
                                m - ring of positive energy

@: mighty, divine shield, glowing, somewhat resistant to hostile enchantments,
extremely unstealthy
A: magic resistance 1, mutation resistance 1, strong 1
a: Divine Shield, Renounce Religion


You were on level 11 of the Dungeon.
You worshipped the Shining One.
The Shining One was most pleased with you.
You were not hungry.

You visited 2 branches of the dungeon, and saw 12 of its levels.

You collected 485 gold pieces.

Inventory:

Hand Weapons
 b - a cursed +3 long sword
 y - a +2 long sword of freezing (weapon)
 D - a +2 hand axe of flaming
Armour
 c - a +0 helmet (worn)
 n - a +0 scale mail (worn)
 s - a +1 cloak (worn)
Jewellery
 g - a +1 ring of protection (right hand)
 h - an uncursed ring of flight
 m - a ring of positive energy (left hand)
 t - an uncursed ring of positive energy
Wands
 o - a wand of lightning (0)
 w - a wand of random effects (22)
 A - a wand of fire (1)
Scrolls
 i - 8 scrolls of remove curse
 k - 2 scrolls of magic mapping {unknown}
 v - a scroll of immolation
 x - 2 scrolls of teleportation
 B - a scroll of enchant armour {unknown}
 F - a scroll of fear
Potions
 a - a potion of heal wounds {unknown}
 d - 2 potions of curing {unknown}
 j - 2 potions of mutation
 p - 3 potions of might
 q - a potion of flight
 r - a potion of cancellation {unknown}
 u - a potion of lignification {unknown}
 z - a potion of magic {unknown}
 G - a potion of degeneration {unknown}
 H - 2 potions of poison {unknown}
Comestibles
 e - 4 bread rations
 f - 6 meat rations
 l - 12 fruits
 C - 6 slices of pizza


   Skills:
 + Level 6.7 Fighting
 * Level 10.7 Long Blades
 - Level 2.1 Throwing
 + Level 7.9 Armour
 + Level 8.1 Dodging
 + Level 5.9 Invocations


You had 10 spell levels left.
You didn't know any spells.

Dungeon Overview and Level Annotations

Branches:
Dungeon (11/15)            Temple (1/1) D:7            Lair (0/8) D:10
    Orc: D:9-12

Altars:
Cheibriados
Dithmenos
Elyvilon
Okawaru
Trog
Vehumet
Xom
Yredelemnul
Zin
The Shining One

Shops:
D:6 (

Annotations:
D:6 George's ghost, novice CeHu
D:10 Josephine


Innate Abilities, Weirdness & Mutations

You are small and have problems with some larger weapons.
You are somewhat resistant to further mutation.
You are resistant to hostile enchantments.
Your muscles are strong. (Str +2)


Message History

The tengu warrior blocks your attack.
The tengu warrior is almost dead.
The tengu warrior hits you but does no damage.
You block the tengu warrior's attack.
The tengu warrior completely misses you.
Unknown command.
Unknown command.
You hit the tengu warrior. You freeze the tengu warrior.
The tengu warrior is almost dead.
The tengu warrior hits you but does no damage.
The tengu warrior closely misses you.
The tengu warrior claws you but does no damage.
Unknown command.
Unknown command.
Unknown command.
Drink which item? (? for menu, Esc to quit)
It was a potion of mutation.
You feel extremely strange.
You feel resistant to hostile enchantments.
The tengu warrior hits you with a long sword!
You die...

....>.. ..###.#
..# .... .......#
.###.#.# ## .#
#.#.# ### .. .#
#.#.# ##Q## Z#
##### .# #.#.#
##@#Z## ##..#
#(... .# #.#.#
##.###.##..?.#
#(###
####.#.#######.##
##Q.....# #)#
..........(...##
##..##.# #.###
##############.##
.#.# #<... # ##.#
.# .# ##..#
###### ##.#.# .#
##..# .....# #.#
.. .... ####...
.... #. ..#


You could see a tengu warrior.

Vanquished Creatures
  A hydra (D:10)
  3 wraiths (D:9)
  A trapdoor spider (D:10)
  A deep elf mage (D:9)
  A wyvern (D:9)
  2 hungry ghosts
  9 yaks
  2 water moccasins
  A black bear (D:9)
  2 ice beasts
  2 sky beasts
  5 ogres
  2 necrophages
  A phantom (D:9)
  A centaur (D:7)
  4 big kobolds (D:10)
  4 giant frogs
  2 elf zombies (D:9)
  A water moccasin skeleton (D:7)
  3 scorpions
  4 killer bees (D:10)
  12 wights
  5 crimson imps
  2 quasits
  A jelly (D:7)
  4 giant frog skeletons
  A centaur zombie (D:6)
  A giant frog zombie (D:6)
  A gnoll shaman (D:8)
  2 centaur skeletons
  6 hounds
  3 human zombies (D:9)
  An orc priest (D:7)
  An iguana (D:8)
  8 orc wizards
  A human skeleton (D:9)
  2 sheep (D:10)
  6 worker ants
  An ogre skeleton (D:9)
  A hound skeleton (D:8)
  2 mummies (D:9)
  5 gnolls
  3 adders (D:4)
  2 shadow imps
  An ooze (D:4)
  4 giant geckos
  18 orcs
  2 hobgoblins (D:2)
  6 kobolds
  A quokka (D:8)
  2 ball pythons
  2 bats
  4 giant cockroaches (D:1)
  A giant newt (D:2)
  5 goblins
  A jackal skeleton (D:4)
  A rat (D:1)
171 creatures vanquished.

Vanquished Creatures (others)
  3 plants (D:8)
3 creatures vanquished.

Grand Total: 174 creatures vanquished

Notes
Turn   | Place    | Note
--------------------------------------------------------------
     0 | D:1      | 4thArraOfDagon the Halfling Gladiator began the quest for the Orb.
     0 | D:1      | Reached XP level 1. HP: 14/14 MP: 1/1
   136 | D:1      | Reached XP level 2. HP: 17/19 MP: 2/2
   175 | D:1      | Reached skill level 1 in Armour
   302 | D:4      | Reached XP level 3. HP: 18/24 MP: 3/3
   318 | D:4      | Reached XP level 4. HP: 16/29 MP: 4/4
   490 | D:4      | Reached skill level 4 in Long Blades
   490 | D:4      | Reached XP level 5. HP: 11/35 MP: 5/5
   568 | D:5      | Entered Level 5 of the Dungeon
   651 | D:5      | Found a shimmering altar of Xom.
   752 | D:5      | Reached XP level 6. HP: 41/41 MP: 6/6
   796 | D:6      | QUEST FOR THE RING
   835 | D:6      | Noticed George's ghost (novice CeHu)
  1103 | D:7      | Reached skill level 5 in Long Blades
  1148 | D:7      | Found a staircase to the Ecumenical Temple.
  1165 | D:7      | Reached XP level 7. HP: 33/46 MP: 7/7
  1237 | Temple   | Entered the Ecumenical Temple
  1351 | Temple   | Became a worshipper of the Shining One
  1434 | D:6      | Found Movehore's Weapon Boutique.
  1441 | D:6      | :(
  1535 | D:7      | Found an iron altar of Okawaru.
  1651 | D:7      | Reached skill level 5 in Dodging
  1758 | D:7      | Reached XP level 8. HP: 43/54 MP: 8/8
  1785 | D:6      | Reached skill level 6 in Long Blades
  1883 | D:6      | Found a white marble altar of Elyvilon.
  1967 | D:5      | stay positive
  2238 | D:2      | Found an iron altar of Okawaru.
  2241 | D:2      | there you are
  2256 | D:2      | there
  2583 | D:8      | Reached skill level 7 in Long Blades
  2814 | D:7      | Reached * piety under the Shining One
  2827 | D:7      | Reached XP level 9. HP: 38/59 MP: 9/9
  2894 | D:8      | Reached skill level 5 in Armour
  2964 | D:7      | Reached skill level 1 in Invocations
  3125 | D:8      | Reached skill level 5 in Fighting
  3147 | D:8      | Reached skill level 8 in Long Blades
  3335 | D:9      | very positive
  3479 | D:8      | Noticed a hill giant
  3480 | D:8      | Reached ** piety under the Shining One
  3663 | D:9      | Reached XP level 10. HP: 66/66 MP: 12/12
  3772 | D:9      | Reached skill level 9 in Long Blades
  4011 | D:9      | Found a basalt altar of Yredelemnul.
  4048 | D:9      | Reached *** piety under the Shining One
  4083 | D:10     | Entered Level 10 of the Dungeon
  4444 | D:10     | Noticed a three-headed hydra
  4448 | D:10     | Killed a one-headed hydra
  4448 | D:10     | Reached skill level 10 in Long Blades
  4448 | D:10     | Reached XP level 11. HP: 67/73 MP: 14/14
  4500 | D:10     | Noticed Josephine
  4564 | D:11     | Reached skill level 5 in Invocations
  4591 | D:11     | Gained mutation: Your muscles are strong. (Str +2) [mutagenic meat]
  4663 | D:11     | Noticed a hill giant
  4733 | D:10     | Found a staircase to the Lair.
  5297 | D:11     | Noticed a hill giant
  5339 | D:11     | Reached **** piety under the Shining One
  5375 | D:11     | Noticed a tengu warrior
  5412 | D:11     | HP: 1/74 [tengu warrior/long sword (12)]
  5412 | D:11     | The Shining One protects you from harm!
  5416 | D:11     | Gained mutation: You are resistant to hostile enchantments. [potion of mutation]
  5416 | D:11     | Mangled by a tengu warrior

Vault maps used:
D:1:      minmay_arrival_widening_spiral_wide
D:2:      okawaru_ov_weapons_minmay, lemuel_coloured_pillars_altar
D:3:      amethyst_overflow_temple_binary, first_bread, hangedman_glass_teeth
D:4:      kennysheep_generic_room_8
D:5:      xom_teletrap_fun
D:6:      lemuel_round_altar, overflow_temple_1_default, serial_shops,
          shop_fountains
D:7:      nicolae_ru_path_of_blood, minmay_temple_entry_purple_smoke,
          basic_altar
D:8:      kennysheep_seaside_town, special_room
D:9:      grunt_temple_overflow_growth_and_decay,
          lemuel_mausoleum_altar_yredelemnul, erik_orc_1
D:10:     lair_0_dummy, hangedman_ranch, uniq_josephine
D:11:     serial_shops, nicolae_shop_stone
Temple:   hc_temple_tempest_star

Action                   |  1- 3 |  4- 6 |  7- 9 | 10-12 || total
-------------------------+-------+-------+-------+-------++-------
Melee: Long sword        |    25 |    24 |   198 |   402 ||   649
       Dagger            |    22 |    45 |       |       ||    67
       Falchion          |       |       |   174 |       ||   174
       Hand axe          |       |       |       |     4 ||     4
Throw: Throwing net      |     4 |    13 |     1 |       ||    18
Invok: Divine Shield     |       |       |       |     5 ||     5
Evoke: Wand              |       |       |     7 |     3 ||    10
  Use: Scroll            |       |     7 |     4 |     2 ||    13
       Potion            |       |     1 |     4 |     2 ||     7
 Stab: Held in net/web   |     1 |     6 |       |       ||     7
  Eat: Royal jelly       |       |     1 |       |       ||     1
       Bread ration      |       |       |     1 |       ||     1
       Chunk             |       |       |     1 |    10 ||    11
       Fruit             |       |       |     7 |       ||     7
       Beef jerky        |       |       |     1 |       ||     1
